| TOP OF THE 1ST |
|
Lewiston Broncs batting - Pitching for Bellingham Mariners : LHP Mark Blumenschein
|
|
Pitching: LHP Mark Blumenschein
|
|
|
Batting: LHB Wayne Kirby
|
0-0: Ball 1-0: Ball 2-0: Called Strike 2-1: Foul Ball, location: 2F 2-2: Ball 3-2: Ground out 6-3 (Groundball, 6, EV 80.6 MPH)
|
|
Batting: LHB Alex Hernandez
|
0-0: SINGLE (Flyball, 7LS, EV 93.8 MPH)
|
|
Batting: RHB Jeff Kunkel
|
0-0: Ball 1-0: Ball 2-0: Reached on error, E8 (Flyball, 8LD, EV 96.9 MPH) Alex Hernandez to second
|
|
Batting: RHB Bruce Castoria
|
0-0: Foul Ball, location: 2F 0-1: Fly out, F4 (Flyball, 4D, EV 92.5 MPH)
|
|
Batting: LHB Nestor Moreno
|
0-0: Ground out U3 (Groundball, 3L, EV 79.4 MPH)
|
| Top of the 1st over - 0 runs, 1 hit, 1 error, 2 left on base; Lewiston 0 - Bellingham 0 |
| BOTTOM OF THE 1ST |
|
Bellingham Mariners batting - Pitching for Lewiston Broncs : LHP Chris Joslin
|
|
Pitching: LHP Chris Joslin
|
|
|
Batting: LHB Dan O'Regan
|
0-0: Foul Ball, location: 2F 0-1: Called Strike 0-2: Foul Ball, location: 2F 0-2: Foul Ball, location: 2F 0-2: Strikes out swinging
|
|
Batting: RHB Norm Carrasco
|
0-0: Ball 1-0: Ball 2-0: Called Strike 2-1: Swinging Strike 2-2: Ball 3-2: Base on Balls
|
|
Batting: RHB Juan Delgado
|
0-0: Ball Norm Carrasco steals 2nd base 1-0: Foul Ball, location: 2F 1-1: Ground out 4-3 (Groundball, 4S, EV 81.9 MPH) Norm Carrasco to third
|
|
Batting: SHB Paul Felix
|
0-0: Ball 1-0: Ground out 6-3 (Groundball, 6, EV 87.5 MPH)
|
| Bottom of the 1st over - 0 runs, 0 hits, 0 errors, 1 left on base; Lewiston 0 - Bellingham 0 |
| TOP OF THE 2ND |
|
Lewiston Broncs batting - Pitching for Bellingham Mariners : LHP Mark Blumenschein
|
|
Batting: RHB Steven Spalt
|
0-0: Bunt missed! 0-1: Ball 1-1: Ball 2-1: Called Strike 2-2: Ball 3-2: Foul Ball, location: 2F 3-2: Base on Balls
|
|
Batting: RHB Jay Roberts
|
0-0: Ball 1-0: Ball 2-0: Grounds into double play, 5-4-3 (Groundball, 56S, EV 88.8 MPH)
|
|
Batting: RHB Joaquin Gonzalez
|
0-0: Ball 1-0: Foul Ball, location: 2F 1-1: Called Strike 1-2: Ball 2-2: Foul Ball, location: 2F 2-2: Ball 3-2: Ground out 5-3 (Groundball, 56, EV 85.6 MPH)
|
| Top of the 2nd over - 0 runs, 0 hits, 0 errors, 0 left on base; Lewiston 0 - Bellingham 0 |
| BOTTOM OF THE 2ND |
|
Bellingham Mariners batting - Pitching for Lewiston Broncs : LHP Chris Joslin
|
|
Batting: RHB Hector Rivera
|
0-0: Called Strike 0-1: Ball 1-1: Ball 2-1: Foul Ball, location: 2F 2-2: Fly out, F9 (Flyball, 9LM, EV 93.1 MPH)
|
|
Batting: RHB Elza Nevoeiro
|
0-0: Foul Ball, location: 2F 0-1: Ball 1-1: Ball 2-1: TRIPLE (Flyball, 9D, EV 103.8 MPH)
|
|
Batting: RHB Werner Lajszky
|
0-0: Ground out 6-3 (Groundball, 6, EV 77.5 MPH) Elza Nevoeiro scores
|
|
Batting: LHB Thomas Graziano
|
0-0: Ball 1-0: Called Strike 1-1: Ball 2-1: Ground out 6-3 (Groundball, 6, EV 88.8 MPH)
|
| Bottom of the 2nd over - 1 run, 1 hit, 0 errors, 0 left on base; Lewiston 0 - Bellingham 1 |
| TOP OF THE 3RD |
|
Lewiston Broncs batting - Pitching for Bellingham Mariners : LHP Mark Blumenschein
|
|
Batting: SHB Stephen Kowalski
|
0-0: Ball 1-0: Ball 2-0: Ball 3-0: Called Strike 3-1: Base on Balls
|
|
Batting: LHB Wayne Kirby
|
0-0: Ball 1-0: Ball 2-0: Called Strike 2-1: Called Strike 2-2: Ball 3-2: SINGLE (Flyball, 8LS, EV 95.6 MPH) Stephen Kowalski to second
|
|
Batting: LHB Alex Hernandez
|
0-0: Called Strike 0-1: Foul Ball, location: 2F 0-2: Foul Ball, location: 2F 0-2: Strikes out swinging
|
|
Batting: RHB Jeff Kunkel
|
0-0: SINGLE (Line Drive, 5D, EV 103.8 MPH) Stephen Kowalski to third Wayne Kirby to second Runner from 3rd tries for Home, SAFE, throw by LF to home
|
|
Batting: RHB Bruce Castoria
|
0-0: DOUBLE (Line Drive, 78M, EV 99.4 MPH) Wayne Kirby scores Jeff Kunkel to third
|
|
Batting: LHB Nestor Moreno
|
0-0: Fly out, F7 (Flyball, 7LM, EV 90.0 MPH) Runner from 3rd tags up, SCORES, throw by LF Bruce Castoria to third
|
|
Batting: RHB Steven Spalt
|
0-0: Fly out, F7 (Flyball, 7, EV 95.6 MPH)
|
| Top of the 3rd over - 3 runs, 3 hits, 0 errors, 1 left on base; Lewiston 3 - Bellingham 1 |
| BOTTOM OF THE 3RD |
|
Bellingham Mariners batting - Pitching for Lewiston Broncs : LHP Chris Joslin
|
|
Batting: RHB Jeff Datz
|
0-0: Swinging Strike 0-1: Foul Ball, location: 2F 0-2: Strikes out swinging
|
|
Batting: LHB Dan O'Regan
|
0-0: Called Strike 0-1: Ball 1-1: Called Strike 1-2: Ground out 4-3 (Groundball, 4S, EV 76.3 MPH)
|
|
Batting: RHB Norm Carrasco
|
0-0: Swinging Strike 0-1: SINGLE (Line Drive, 9S, EV 93.8 MPH)
|
|
Batting: RHB Juan Delgado
|
0-0: Ball 1-0: Ball 2-0: Ball 3-0: Called Strike 3-1: Base on Balls Norm Carrasco to second
|
|
Batting: SHB Paul Felix
|
0-0: Swinging Strike 0-1: Ball Passed Ball! Norm Carrasco to third Juan Delgado to second 1-1: Foul Ball, location: 2F 1-2: Strikes out swinging
|
| Bottom of the 3rd over - 0 runs, 1 hit, 0 errors, 2 left on base; Lewiston 3 - Bellingham 1 |
| TOP OF THE 4TH |
|
Lewiston Broncs batting - Pitching for Bellingham Mariners : LHP Mark Blumenschein
|
|
Batting: RHB Jay Roberts
|
0-0: Called Strike 0-1: Ball 1-1: Foul Ball, location: 2F 1-2: Strikes out swinging
|
|
Batting: RHB Joaquin Gonzalez
|
0-0: Called Strike 0-1: Ball 1-1: Foul Ball, location: 2F 1-2: Strikes out swinging
|
|
Batting: SHB Stephen Kowalski
|
0-0: Ball 1-0: Ground out 6-3 (Groundball, 6, EV 88.1 MPH)
|
| Top of the 4th over - 0 runs, 0 hits, 0 errors, 0 left on base; Lewiston 3 - Bellingham 1 |
| BOTTOM OF THE 4TH |
|
Bellingham Mariners batting - Pitching for Lewiston Broncs : LHP Chris Joslin
|
|
Batting: RHB Hector Rivera
|
0-0: Fly out, F8 (Line Drive, 8LD, EV 105.0 MPH)
|
|
Batting: RHB Elza Nevoeiro
|
0-0: Called Strike 0-1: Ball 1-1: Swinging Strike 1-2: Ball 2-2: Ball 3-2: Base on Balls
|
|
Batting: RHB Werner Lajszky
|
0-0: Ball 1-0: Called Strike 1-1: Ball 2-1: 2-RUN HOME RUN (Flyball, 7D, EV 93.1 MPH), Distance : 377 ft
|
|
Batting: LHB Thomas Graziano
|
0-0: Ball 1-0: Foul Ball, location: 2F 1-1: Ground out 6-3 (Groundball, 6MS, EV 84.4 MPH)
|
|
Batting: RHB Jeff Datz
|
0-0: Ball 1-0: Ball 2-0: SINGLE (Groundball, 4MD, EV 103.8 MPH)
|
|
Batting: LHB Dan O'Regan
|
0-0: Ball 1-0: Foul Ball, location: 2F 1-1: Fly out, F8 (Flyball, 78D, EV 100.0 MPH)
|
| Bottom of the 4th over - 2 runs, 2 hits, 0 errors, 1 left on base; Lewiston 3 - Bellingham 3 |
| TOP OF THE 5TH |
|
Lewiston Broncs batting - Pitching for Bellingham Mariners : LHP Mark Blumenschein
|
|
Batting: LHB Wayne Kirby
|
0-0: Ball 1-0: Swinging Strike 1-1: Foul Ball, location: 2F 1-2: Fly out, F7 (Flyball, 7S, EV 73.1 MPH)
|
|
Batting: LHB Alex Hernandez
|
0-0: Called Strike 0-1: Ball 1-1: Ground out 4-3 (Groundball, 4S, EV 88.8 MPH)
|
|
Batting: RHB Jeff Kunkel
|
0-0: Ground out 5-3 (Groundball, 56, EV 86.3 MPH)
|
| Top of the 5th over - 0 runs, 0 hits, 0 errors, 0 left on base; Lewiston 3 - Bellingham 3 |
| BOTTOM OF THE 5TH |
|
Bellingham Mariners batting - Pitching for Lewiston Broncs : LHP Chris Joslin
|
|
Batting: RHB Norm Carrasco
|
0-0: Ball 1-0: TRIPLE (Flyball, 8LXD, EV 106.3 MPH)
|
|
Batting: RHB Juan Delgado
|
0-0: Foul Ball, location: 2F 0-1: SINGLE (Line Drive, 8RS, EV 88.1 MPH) Norm Carrasco scores
|
|
Batting: SHB Paul Felix
|
0-0: Ball 1-0: Grounds into double play, 4-6-3 (Groundball, 4, EV 79.4 MPH)
|
|
Batting: RHB Hector Rivera
|
0-0: Ball 1-0: Foul Ball, location: 2F 1-1: Ball 2-1: SINGLE (Groundball, 56D, EV 101.3 MPH)
|
|
Batting: RHB Elza Nevoeiro
|
0-0: Ball 1-0: Foul Ball, location: 2F 1-1: Foul Ball, location: 2F 1-2: Strikes out looking
|
| Bottom of the 5th over - 1 run, 3 hits, 0 errors, 1 left on base; Lewiston 3 - Bellingham 4 |
| TOP OF THE 6TH |
|
Lewiston Broncs batting - Pitching for Bellingham Mariners : LHP Mark Blumenschein
|
|
Batting: RHB Bruce Castoria
|
0-0: Ball 1-0: Called Strike 1-1: Foul Ball, location: 2F 1-2: Ball 2-2: Foul Ball, location: 2F 2-2: Ball 3-2: Fly out, F9 (Flyball, 9LD, EV 91.3 MPH)
|
|
Batting: LHB Nestor Moreno
|
0-0: Called Strike 0-1: Ball 1-1: Ball 2-1: Ball 3-1: Base on Balls
|
|
Pitching: RHP Jay Samuel
|
|
|
Batting: RHB Steven Spalt
|
0-0: Ball 1-0: Fly out, F7 (Line Drive, 7, EV 93.8 MPH)
|
|
Batting: RHB Jay Roberts
|
0-0: Ball 1-0: Ball 2-0: Ball 3-0: Base on Balls Nestor Moreno to second
|
|
Batting: RHB Joaquin Gonzalez
|
0-0: Ball 1-0: Foul Ball, location: 2F 1-1: Ball 2-1: Called Strike 2-2: Ball 3-2: Foul Ball, location: 2F 3-2: Base on Balls Nestor Moreno to third Jay Roberts to second
|
|
Batting: SHB Stephen Kowalski
|
0-0: Called Strike 0-1: Called Strike 0-2: Strikes out swinging
|
| Top of the 6th over - 0 runs, 0 hits, 0 errors, 3 left on base; Lewiston 3 - Bellingham 4 |
| BOTTOM OF THE 6TH |
|
Bellingham Mariners batting - Pitching for Lewiston Broncs : LHP Chris Joslin
|
|
Batting: RHB Werner Lajszky
|
0-0: Ball 1-0: Called Strike 1-1: Ball 2-1: Ball 3-1: Base on Balls
|
|
Batting: LHB Thomas Graziano
|
0-0: Ball 1-0: Grounds into double play, 4-6-3 (Groundball, 4, EV 85.0 MPH)
|
|
Batting: RHB Jeff Datz
|
0-0: Ball 1-0: Called Strike 1-1: Ground out 6-3 (Groundball, P, EV 85.0 MPH)
|
| Bottom of the 6th over - 0 runs, 0 hits, 0 errors, 0 left on base; Lewiston 3 - Bellingham 4 |
| TOP OF THE 7TH |
|
Lewiston Broncs batting - Pitching for Bellingham Mariners : RHP Jay Samuel
|
|
Batting: LHB Wayne Kirby
|
0-0: Ball 1-0: Ball 2-0: Swinging Strike 2-1: Called Strike 2-2: Foul Ball, location: 2F 2-2: DOUBLE (Line Drive, 9LS, EV 110.6 MPH)
|
|
Pitching: RHP Charles Dexter
|
|
|
Batting: LHB Alex Hernandez
|
0-0: Ball 1-0: Sac Bunt to 23 - play at first, batter OUT! 3-4 Wayne Kirby to third
|
|
Batting: RHB Jeff Kunkel
|
0-0: Fly out, F8 (Flyball, 8RXD, EV 100.0 MPH) Runner from 3rd tags up, SCORES, no throw by CF
|
|
Batting: RHB Bruce Castoria
|
0-0: Called Strike 0-1: Ball 1-1: Fly out, F7 (Flyball, 7LS, EV 93.1 MPH)
|
| Top of the 7th over - 1 run, 1 hit, 0 errors, 0 left on base; Lewiston 4 - Bellingham 4 |
| BOTTOM OF THE 7TH |
|
Bellingham Mariners batting - Pitching for Lewiston Broncs : LHP Chris Joslin
|
|
Batting: LHB Dan O'Regan
|
0-0: Ball 1-0: Swinging Strike 1-1: Ball 2-1: Foul Ball, location: 2F 2-2: Ball 3-2: SINGLE (Line Drive, 7S, EV 111.9 MPH)
|
|
Batting: RHB Norm Carrasco
|
0-0: Ball 1-0: Swinging Strike 1-1: Fly out, F9 (Flyball, 9, EV 93.1 MPH)
|
|
Batting: RHB Juan Delgado
|
0-0: Ball 1-0: Called Strike 1-1: Ball 2-1: SINGLE (Line Drive, 34, EV 105.0 MPH) Dan O'Regan to second
|
|
Batting: SHB Paul Felix
|
0-0: Called Strike 0-1: Ball 1-1: Called Strike 1-2: Ball 2-2: Foul Ball, location: 2F 2-2: Fly out, F8 (Flyball, 78M, EV 88.1 MPH)
|
|
Batting: RHB Hector Rivera
|
0-0: Called Strike 0-1: Ball 1-1: Ball 2-1: Foul Ball, location: 2F 2-2: Fielders Choice at 2nd, 5-4 (Groundball, 5, EV 88.1 MPH)
|
| Bottom of the 7th over - 0 runs, 2 hits, 0 errors, 2 left on base; Lewiston 4 - Bellingham 4 |
| TOP OF THE 8TH |
|
Lewiston Broncs batting - Pitching for Bellingham Mariners : RHP Charles Dexter
|
|
Batting: LHB Nestor Moreno
|
0-0: Ball 1-0: SINGLE (Groundball, 6MD, EV 108.1 MPH)
|
|
Batting: RHB Steven Spalt
|
0-0: Bunted foul 0-1: Bunted foul 0-2: Grounds into double play, 4-3-6 (Groundball, 34, EV 86.3 MPH)
|
|
Batting: RHB Jay Roberts
|
0-0: Ball 1-0: Ball 2-0: Ball 3-0: Base on Balls
|
|
Pitching: LHP Bernard Gallo
|
|
|
Batting: RHB Joaquin Gonzalez
|
0-0: Ball 1-0: Ball 2-0: Called Strike 2-1: Called Strike 2-2: Foul Ball, location: 2F 2-2: Fly out, F8 (Flyball, 8LM, EV 83.8 MPH)
|
| Top of the 8th over - 0 runs, 1 hit, 0 errors, 1 left on base; Lewiston 4 - Bellingham 4 |
| BOTTOM OF THE 8TH |
|
Bellingham Mariners batting - Pitching for Lewiston Broncs : LHP Chris Joslin
|
|
Batting: RHB Elza Nevoeiro
|
0-0: Foul Ball, location: 2F 0-1: Swinging Strike 0-2: Strikes out swinging
|
|
Batting: RHB Werner Lajszky
|
0-0: Called Strike 0-1: Ball 1-1: Swinging Strike 1-2: Foul Ball, location: 2F 1-2: Ball 2-2: Strikes out looking
|
|
Batting: LHB Thomas Graziano
|
0-0: Foul Ball, location: 2F 0-1: Ball 1-1: Swinging Strike 1-2: SINGLE (Line Drive, 89S, EV 106.3 MPH)
|
|
Batting: RHB Jeff Datz
|
0-0: Foul Ball, location: 2F 0-1: Called Strike 0-2: Fielders Choice at 2nd, 5-4 (Groundball, 56, EV 102.5 MPH)
|
| Bottom of the 8th over - 0 runs, 1 hit, 0 errors, 1 left on base; Lewiston 4 - Bellingham 4 |
| TOP OF THE 9TH |
|
Lewiston Broncs batting - Pitching for Bellingham Mariners : LHP Bernard Gallo
|
|
Batting: SHB Stephen Kowalski
|
0-0: Ball 1-0: Called Strike 1-1: Foul Ball, location: 2F 1-2: Foul Ball, location: 2F 1-2: Strikes out swinging
|
|
Batting: LHB Wayne Kirby
|
0-0: Ball 1-0: Called Strike 1-1: Ball 2-1: Ground out 4-3 (Groundball, 4, EV 81.9 MPH)
|
|
Pinch Hitting: RHB Tony Cordova
|
0-0: Fly out, F9 (Flyball, 9, EV 82.5 MPH)
|
| Top of the 9th over - 0 runs, 0 hits, 0 errors, 0 left on base; Lewiston 4 - Bellingham 4 |
| BOTTOM OF THE 9TH |
|
Bellingham Mariners batting - Pitching for Lewiston Broncs : LHP Chris Joslin
|
|
Now in CF: Tony Cordova
|
|
|
Batting: LHB Dan O'Regan
|
0-0: DOUBLE (Line Drive, 7LM, EV 102.5 MPH)
|
|
Batting: RHB Norm Carrasco
|
0-0: Called Strike 0-1: Ball 1-1: Ground out 3-1 (Groundball, 34, EV 88.8 MPH) Dan O'Regan to third
|
|
Batting: RHB Juan Delgado
|
0-0: Intentional Walk
|
|
Batting: SHB Paul Felix
|
0-0: Ball 1-0: Ball 2-0: Called Strike 2-1: Ball 3-1: Called Strike 3-2: Fielders Choice at home, 6-2 (Groundball, 56, EV 105.0 MPH) Juan Delgado to second
|
|
Batting: RHB Hector Rivera
|
0-0: Ball 1-0: Ball 2-0: Ground out 6-3 (Groundball, 4MS, EV 85.0 MPH)
|
| Bottom of the 9th over - 0 runs, 1 hit, 0 errors, 2 left on base; Lewiston 4 - Bellingham 4 |
| TOP OF THE 10TH |
|
Lewiston Broncs batting - Pitching for Bellingham Mariners : LHP Bernard Gallo
|
|
Batting: RHB Jeff Kunkel
|
0-0: Called Strike 0-1: Foul Ball, location: 2F 0-2: Ground out 4-3 (Groundball, 34, EV 88.1 MPH)
|
|
Batting: RHB Bruce Castoria
|
0-0: Ball 1-0: Foul Ball, location: 2F 1-1: Fly out, F9 (Flyball, 9, EV 91.3 MPH)
|
|
Batting: RHB Sal D'Alessandro
|
0-0: Called Strike 0-1: Called Strike 0-2: Foul Ball, location: 2F 0-2: Ball 1-2: Ball 2-2: Ball 3-2: Base on Balls
|
|
Batting: RHB Steven Spalt
|
0-0: Called Strike 0-1: Swinging Strike 0-2: Ball 1-2: Ground out 4-3 (Groundball, 34, EV 81.9 MPH)
|
| Top of the 10th over - 0 runs, 0 hits, 0 errors, 1 left on base; Lewiston 4 - Bellingham 4 |
| BOTTOM OF THE 10TH |
|
Bellingham Mariners batting - Pitching for Lewiston Broncs : LHP Chris Joslin
|
|
Pitching: LHP Brian Householder
|
|
|
Batting: RHB Elza Nevoeiro
|
0-0: Swinging Strike 0-1: Called Strike 0-2: Fly out, F8 (Flyball, 8RD, EV 93.1 MPH)
|
|
Batting: RHB Werner Lajszky
|
0-0: Ball 1-0: Called Strike 1-1: Swinging Strike 1-2: Ball 2-2: Strikes out swinging
|
|
Batting: RHB Edward Williams
|
0-0: Ball 1-0: Foul Ball, location: 2F 1-1: SINGLE (Groundball, 34D, EV 95.0 MPH)
|
|
Batting: RHB Jeff Datz
|
0-0: Called Strike 0-1: Ball 1-1: Ball 2-1: Called Strike 2-2: Fielders Choice at 2nd, 6-4 (Groundball, 6, EV 87.5 MPH)
|
| Bottom of the 10th over - 0 runs, 1 hit, 0 errors, 1 left on base; Lewiston 4 - Bellingham 4 |
| TOP OF THE 11TH |
|
Lewiston Broncs batting - Pitching for Bellingham Mariners : LHP Bernard Gallo
|
|
Batting: RHB Jay Roberts
|
0-0: Fly out, F9 (Flyball, 9LS, EV 91.3 MPH)
|
|
Batting: RHB Joaquin Gonzalez
|
0-0: Foul Ball, location: 2F 0-1: Ball 1-1: Ball 2-1: Ball 3-1: Foul Ball, location: 2F 3-2: Foul Ball, location: 2F 3-2: Base on Balls
|
|
Batting: SHB Stephen Kowalski
|
0-0: Ball 1-0: Ball 2-0: Foul Ball, location: 2F 2-1: Ball 3-1: Base on Balls Joaquin Gonzalez to second
|
|
Batting: LHB Wayne Kirby
|
0-0: Called Strike 0-1: Fly out, F7 (Flyball, 7, EV 86.3 MPH)
|
|
Batting: RHB Tony Cordova
|
0-0: Ball 1-0: Foul Ball, location: 2F 1-1: Ball 2-1: Called Strike 2-2: Foul Ball, location: 2F 2-2: Foul Ball, location: 2F 2-2: Strikes out swinging, 2-3 out at first.
|
| Top of the 11th over - 0 runs, 0 hits, 0 errors, 2 left on base; Lewiston 4 - Bellingham 4 |
| BOTTOM OF THE 11TH |
|
Bellingham Mariners batting - Pitching for Lewiston Broncs : LHP Brian Householder
|
|
Batting: LHB Dan O'Regan
|
0-0: Ball 1-0: Called Strike 1-1: Ground out 1-3 (Groundball, 15S, EV 66.3 MPH)
|
|
Batting: RHB Norm Carrasco
|
0-0: Foul Ball, location: 2F 0-1: SINGLE (Line Drive, 8RM, EV 104.4 MPH)
|
|
Batting: RHB Juan Delgado
|
0-0: Ball 1-0: Ball 2-0: Called Strike 2-1: Ball 3-1: SINGLE (Groundball, 56S, EV 70.6 MPH) (infield hit) Norm Carrasco to second
|
|
Batting: SHB Paul Felix
|
0-0: Ball 1-0: Ball 2-0: Ball 3-0: Foul Ball, location: 2F 3-1: Foul Ball, location: 2F 3-2: Strikes out swinging Juan Delgado is caught stealing 2nd base 2-4 Norm Carrasco steals 3rd base Batter strikes out.
|
| Bottom of the 11th over - 0 runs, 2 hits, 0 errors, 1 left on base; Lewiston 4 - Bellingham 4 |
| TOP OF THE 12TH |
|
Lewiston Broncs batting - Pitching for Bellingham Mariners : LHP Bernard Gallo
|
|
Batting: RHB Jeff Kunkel
|
0-0: Called Strike 0-1: Foul Ball, location: 2F 0-2: Ball 1-2: Ball 2-2: SINGLE (Groundball, 6MD, EV 103.8 MPH)
|
|
Batting: RHB Bruce Castoria
|
0-0: SINGLE (Line Drive, 9S, EV 98.8 MPH) Jeff Kunkel to second Runner from 2nd tries for 3rd, SAFE, no throw by RF
|
|
Pitching: RHP Anthony Stearns
|
|
|
Batting: RHB Sal D'Alessandro
|
0-0: Ball 1-0: Ball 2-0: Foul Ball, location: 2F 2-1: Foul Ball, location: 2F 2-2: Ball 3-2: Ground out 4-3 (Groundball, 34S, EV 63.8 MPH) Bruce Castoria to second
|
|
Batting: RHB Steven Spalt
|
0-0: Foul Ball, location: 2F 0-1: Ball 1-1: Called Strike 1-2: Foul Ball, location: 2F 1-2: SINGLE (Line Drive, 4, EV 98.1 MPH) Jeff Kunkel scores Bruce Castoria to third Runner from 3rd tries for Home, SAFE, throw by RF to home
|
|
Batting: RHB Jay Roberts
|
0-0: Called Strike 0-1: Ball 1-1: Ball 2-1: Called Strike 2-2: Ball 3-2: Foul Ball, location: 2F 3-2: Ground out 5-3 (Groundball, 15, EV 83.8 MPH) Steven Spalt to second
|
|
Batting: RHB Joaquin Gonzalez
|
0-0: Called Strike 0-1: Ball 1-1: Ball 2-1: Foul Ball, location: 2F 2-2: Fly out, F8 (Flyball, 8LD, EV 83.8 MPH)
|
| Top of the 12th over - 2 runs, 3 hits, 0 errors, 1 left on base; Lewiston 6 - Bellingham 4 |
| BOTTOM OF THE 12TH |
|
Bellingham Mariners batting - Pitching for Lewiston Broncs : LHP Brian Householder
|
|
Batting: RHB Hector Rivera
|
0-0: Foul Ball, location: 2F 0-1: Ball 1-1: DOUBLE (Groundball, 3L, EV 100.0 MPH)
|
|
Pitching: RHP Bradley Burger
|
|
|
Batting: RHB Elza Nevoeiro
|
0-0: Called Strike 0-1: Foul Ball, location: 2F 0-2: Ball 1-2: Ball 2-2: Ground out 6-3 (Groundball, 6, EV 83.8 MPH)
|
|
Batting: RHB Werner Lajszky
|
0-0: TRIPLE (Line Drive, 9D, EV 107.5 MPH) Hector Rivera scores
|
|
Batting: RHB Edward Williams
|
0-0: Ball 1-0: Ball 2-0: Foul Ball, location: 2F 2-1: Foul Ball, location: 2F 2-2: Ball 3-2: Base on Balls
|
|
Batting: RHB Jeff Datz
|
0-0: Ball 1-0: Ball 2-0: Called Strike 2-1: Called Strike 2-2: Ball 3-2: SINGLE (Groundball, 56, EV 103.1 MPH) Werner Lajszky scores Edward Williams to second
|
|
Batting: LHB Dan O'Regan
|
0-0: Ball 1-0: Ball 2-0: SINGLE (Groundball, 6M, EV 104.4 MPH) (infield hit) Edward Williams to third Jeff Datz to second
|
|
Batting: RHB Norm Carrasco
|
0-0: SINGLE (Flyball, 5D, EV 90.6 MPH) Edward Williams scores
|
| Bottom of the 12th over - 3 runs, 5 hits, 0 errors, 0 left on base; Lewiston 6 - Bellingham 7 |
|